 Dungeon Crawl Stone Soup version 0.28-b1-1-g3c77fb2ed1 (webtiles) character file.

Game seed: 15478341717735147116

33567 Minsecho the Imperceptible (level 13, -3/67 HPs)
             Began as a Spriggan Delver on Jan 29, 2022.
             Was a High Priest of Dithmenos.
             Killed from afar by an ogre mage (24 damage)
             ... with a bolt of magma
             ... on level 13 of the Dungeon.
             The game lasted 00:50:12 (17523 turns).

Minsecho the Imperceptible (Spriggan Delver)       Turns: 17523, Time: 00:50:15

Health: -3/67      AC:  9    Str: 12    XL:     13   Next: 37%
Magic:  14/14      EV: 33    Int: 12    God:    Dithmenos [*****.]
Gold:   109        SH:  0    Dex: 25    Spells: 12/12 levels left

rFire   + . .      SeeInvis +   x - +7 dagger (drain)
rCold   . . .      Faith    .   (no shield)
rNeg    . . .      Spirit   .   D - +0 acid dragon scales
rPois   .          Reflect  .   j - +1 hat
rElec   .          Harm     .   m - +0 cloak
rCorr   +          Rampage  .   (gloves unavailable)
Will    ++...                   (boots unavailable) Stlth *****+++++
                                T - amulet of regeneration
HPRegen 1.01/turn               b - ring "Kaixzef" {EV+4 Str+2 Stlth+}
MPRegen 0.14/turn               R - +6 ring of dexterity

@: spiked, wreathed by umbra, very quick
A: very small, no large weapons, unfitting armour, see invisible, speed 3, fire
resistance 1
a: Renounce Religion, Shadow Step, Shadow Form


You were on level 13 of the Dungeon.
You worshipped Dithmenos.
Dithmenos was extremely pleased with you.
You visited 2 branches of the dungeon, and saw 14 of its levels.
You also visited: Bailey and Gauntlet.

You collected 809 gold pieces.
You spent 700 gold pieces at shops.

Inventory:

Hand Weapons
 u - a +1 dagger of speed
 x - a +7 dagger of draining (weapon)
 S - a +2 short sword of draining
 Z - a +3 dagger of protection
Armour
 j - a +1 hat (worn)
 m - a +0 cloak (worn)
 D - +0 acid dragon scales (worn)
Jewellery
 a - a ring of protection from cold
 b - the ring "Kaixzef" (left hand) {EV+4 Str+2 Stlth+}
   (You bought it in a shop on level 2 of the Dungeon)

   [ring of evasion]

   EV:        It affects your evasion (+4).
   Str:       It affects your strength (+2).
   Stlth:     It makes you more stealthy.
 f - the amulet "Abomixaq" {RegenMP rF+ rCorr Str-5}
   (You found it in a Gauntlet)

   [amulet of magic regeneration]

   It increases your rate of magic regeneration.
   Str:       It affects your strength (-5).
   rF:        It protects you from fire.
   rCorr:     It protects you from acid and corrosion.
 n - a ring of fire
 C - a ring of wizardry
 H - a ring of poison resistance
 O - a ring of resist corrosion
 R - a +6 ring of dexterity (right hand)
 T - an amulet of regeneration (around neck)
 U - a ring of protection from cold
 V - the amulet of Sunlight {RegenMP Will+ MP+9 Str-3 Slay+3}
   (You took it off a minotaur in a Gauntlet)

   [amulet of magic regeneration]

   It increases your rate of magic regeneration.
   Str:       It affects your strength (-3).
   Slay:      It affects your accuracy & damage with ranged weapons and melee
   (+3).
   MP:        It affects your magic capacity (+9).
   Will:      It increases your willpower.
Wands
 g - a wand of digging (3)
 h - a wand of polymorph (11)
 v - a wand of mindburst (2)
 G - a wand of iceblast (9)
 I - a wand of charming (12)
Scrolls
 c - a scroll of fog
 l - a scroll of identify
 o - a scroll of brand weapon {unknown}
 q - 5 scrolls of teleportation
 y - 3 scrolls of enchant armour {unknown}
 B - 2 scrolls of blinking
 J - a scroll of vulnerability {unknown}
 M - a scroll of silence {unknown}
 N - 4 scrolls of noise {unknown}
 Q - a scroll of fear
Potions
 e - 2 potions of resistance
 i - 2 potions of mutation
 k - 2 potions of flight
 p - a potion of berserk rage
 r - 4 potions of invisibility
 s - a potion of cancellation
 t - a potion of haste
 w - 8 potions of curing
 z - a potion of magic
 E - 3 potions of brilliance
 F - 3 potions of attraction
 K - a potion of might
 L - 2 potions of heal wounds
Miscellaneous
 d - a piece from Xom's chessboard (15/15)
 A - a condenser vane
 Y - a phantom mirror


   Skills:
 + Level 7.4 Fighting
 + Level 11.3 Short Blades
 + Level 5.0 Armour
 + Level 13.0 Dodging
 + Level 22.3 Stealth
 + Level 6.1 Evocations


You had 12 spell levels left.
You didn't know any spells.
Your spell library contained the following spells:

 Spells                   Type           Power      Damage    Failure   Level
 Apportation              Tloc           0%         N/A       43%         1
 Shock                    Conj/Air       0%         1d3       43%         1
 Sublimation of Blood     Necr           0%         N/A       58%         2
 Swiftness                Air            0%         N/A       82%         3
 Airstrike                Air            0%         N/A       99%         4
 Petrify                  Tmut/Erth      0%         N/A       99%         4
 Alistair's Intoxication  Tmut/Pois      0%         N/A       100%        5
 Irradiate                Conj/Tmut      0%         3d13      100%        5
 Metabolic Englaciation   Hex/Ice        0%         N/A       100%        5
 Summon Forest            Summ/Tloc      0%         N/A       100%        5
 Summon Mana Viper        Hex/Summ       0%         N/A       100%        5
 Statue Form              Tmut/Erth      0%         N/A       100%        6
 Summon Cactus Giant      Summ           0%         N/A       100%        6


Dungeon Overview and Level Annotations

Branches:
Dungeon (13/15)            Temple (1/1) D:5            Lair (0/6) D:11
    Orc (0/2) D:9          Bailey (visited)         Gauntlet (visited)
 Vaults: D:13-14

Altars:
Ashenzari
Cheibriados
Dithmenos
Elyvilon
Fedhas
Gozag
Hepliaklqana
Kikubaaqudgha
Makhleb
Nemelex Xobeh
Okawaru
Qazlal
Ru
Sif Muna
Trog
Uskayaw
Vehumet
Wu Jian
Xom
Yredelemnul
Zin
The Shining One
Beogh

Shops:
D:2 =   D:5 *   D:9 (

Annotations:
D:7 2 transporters, AlmostDecent's ghost, novice DgFi
D:8 2 transporters, 3 runed translucent doors, Lobster4's ghost, novice HuWn; zeram's ghost, novice MfGl


Innate Abilities, Weirdness & Mutations

You are very small and have problems with some larger weapons.
You are too small for most types of armour.
You have supernaturally acute eyesight. (SInv)
You cover ground extremely quickly. (Speed+++)
Your flesh is heat resistant. (rF+)


Message History

You hit the ogre mage. You drain the ogre mage.
The ogre mage is moderately wounded.
The ogre mage completely misses you.
The deep elf pyromancer casts a spell.
The deep elf pyromancer blinks!
You closely miss the ogre mage.
The ogre mage is moderately wounded.
Your shadow hits the ogre mage with a dagger.
The manticore flicks its tail.
The volley of spikes misses you.
You hit the ogre mage.
The ogre mage is moderately wounded.
The ogre mage points at you and mumbles some strange words.
The bolt of magma hits you! You partially resist.
* * * LOW HITPOINT WARNING * * *
Aiming: Iceblast
Press: ? - help, Shift-Dir - straight line, f/p - manticore
Aim: a manticore (severely wounded, umbra)
The mass of ice explodes!
The iceblast engulfs the manticore!!
You kill the manticore!
Dithmenos accepts your kill.
The iceblast engulfs the ogre mage!!
The ogre mage is severely wounded.
The iceblast engulfs the hornet!!
You kill the hornet!
Dithmenos accepts your kill.
You hear a shout!
The ogre mage completely misses you.
Your Armour skill increases to level 5!
Your Dodging skill increases to level 13!
Unknown command.
You hit the ogre mage. You drain the ogre mage.
The ogre mage is almost dead.
You hit the ogre mage.
The ogre mage is almost dead.
The deep elf pyromancer casts a spell at you.
The sticky flame misses you.
The ogre mage points at you and mumbles some strange words.
The bolt of magma hits you!! You partially resist.
You die...

#....)....# #+# #
#.........#####.#### .#
#.........##.)#.#.y# ##.#
#.........##..#... ..#
#.........###.#e#######..##.##
#.........+.......OHye...⌠s...
#.........#####.#)#####.##..##
#..#####..##..O)#..# ..# #..#
#..##..#@#.†# ##.# #..#
#..#####.#### .# #..#
#..#####'#########+#####. #..#
#........................ #>.#
#........#############..# #..#
#........# # ##..# #........#
....# #........# ....#
#........#


You could see an ogre mage (invisible, drained) and a deep elf pyromancer.

Vanquished Creatures
  Gastronok (D:12)
  Kirke (D:12)
  A very ugly thing (D:12)
  A minotaur (Gauntlet)
  Josephine (D:11)
  Snorg (D:11)
  Fannar (D:12)
  Erolcha (D:12)
  6 boulder beetles
  A hydra (D:13)
  3 centaur warriors
  A fire crab (Gauntlet)
  An obsidian statue (Gauntlet)
  Pikel (D:6)
  An orc knight (D:13)
  A deep elf pyromancer (D:8)
  2 ugly things
  3 manticores
  Maurice (D:11)
  An eye of devastation (Gauntlet)
  4 gargoyles
  Maggie (D:7)
  A komodo dragon (D:11)
  2 efreet
  7 trolls
  A hornet (shapeshifter) (D:13)
  19 slime creatures
  3 shadows
  7 wraiths
  A wyvern (D:8)
  3 vampires (Bailey)
  A basilisk (D:11)
  2 fire bats (Gauntlet)
  5 yaks (D:12)
  A golden eye (Gauntlet)
  A steam dragon (D:8)
  5 vampire mosquitoes
  Eustachio (D:3)
  5 acid dragons
  2 water moccasins
  5 orc warriors
  The ghost of croobank the Covert, an amateur FeDe of Hepliaklqana (D:5)
  4 black bears
  3 necrophages (D:4)
  2 ogres
  2 centaurs
  A kobold brigand (D:9)
  3 bullfrogs
  A wyvern zombie (D:6)
  3 scorpions
  A water moccasin skeleton (D:5)
  5 killer bees
  4 wolf zombies (Bailey)
  5 howler monkeys
  7 vampire bats (Bailey)
  3 centaur zombies
  5 orc priests
  3 jellies
  A centaur skeleton (D:6)
  6 hounds
  Crazy Yiuf (D:3)
  Jessica (D:3)
  5 iguanas
  8 orc wizards
  2 killer bee zombies (D:8)
  A hound skeleton (D:4)
  2 howler monkey zombies
  Robin (D:2)
  A howler monkey skeleton (D:7)
  7 gnolls
  19 orc zombies (Bailey)
  5 adders
  2 shadow imps (D:8)
  2 white imps
  2 worms
  5 dart slugs
  32 orcs
  7 endoplasms
  2 giant cockroaches
  18 goblins
  7 hobgoblins
  11 kobolds
  2 quokkas (D:4)
  9 ball pythons
  2 frilled lizards
  6 rats
327 creatures vanquished.

Vanquished Creatures (others)
  A human (D:12)
  9 fungi
  32 plants
  4 withered plants (Gauntlet)
46 creatures vanquished.

Grand Total: 373 creatures vanquished

Notes
Turn   | Place    | Note
-------+----------+-------------------------------------------
     0 | D:5      | Minsecho the Spriggan Delver began the quest for the Orb.
     0 | D:5      | Reached XP level 1. HP: 11/11 MP: 2/2
     3 | D:5      | Noticed an acid dragon
    22 | D:4      | Noticed a necrophage
    27 | D:4      | Noticed a hound
    40 | D:3      | Noticed Jessica
    42 | D:3      | Killed Jessica
    43 | D:3      | Reached skill level 8 in Stealth
    43 | D:3      | Reached XP level 2. HP: 16/16 MP: 3/3
    57 | D:3      | Noticed an ogre
   101 | D:3      | Found a runed translucent door.
   102 | D:3      | Noticed Crazy Yiuf
   109 | D:3      | Killed Crazy Yiuf
   110 | D:3      | Reached XP level 3. HP: 19/19 MP: 4/4
   174 | D:3      | Found a burning altar of Makhleb.
   201 | D:3      | Reached skill level 9 in Stealth
   835 | D:2      | Found Holl's Jewellery Shoppe.
   840 | D:2      | Reached XP level 4. HP: 23/23 MP: 5/5
   992 | D:2      | Noticed Robin
  2275 | D:2      | Reached XP level 5. HP: 21/28 MP: 6/6
  2861 | D:3      | Found a blossoming altar of Fedhas.
  3001 | D:4      | Noticed a necrophage
  3831 | D:2      | Killed an ogre
  3832 | D:2      | Reached skill level 10 in Stealth
  3992 | D:2      | You fall into a shaft and drop 2 floors!
  3994 | D:4      | Reached XP level 6. HP: 32/32 MP: 7/7
  4017 | D:4      | Noticed Eustachio
  4608 | D:4      | Found an ornate altar of the Wu Jian Council.
  5050 | D:2      | Killed Robin
  5263 | D:3      | Killed Eustachio
  5264 | D:3      | Reached skill level 5 in Short Blades
  5264 | D:3      | Reached XP level 7. HP: 10/36 MP: 8/8
  5680 | D:4      | Reached skill level 5 in Dodging
  5784 | D:4      | Reached skill level 11 in Stealth
  6274 | D:4      | Reached XP level 8. HP: 40/42 MP: 9/9
  6374 | D:5      | Reached skill level 1 in Evocations
  6398 | D:5      | Found a staircase to the Ecumenical Temple.
  6610 | Temple   | Entered the Ecumenical Temple
  6653 | Temple   | Became a worshipper of Dithmenos the Shadowed
  6940 | D:5      | Found a runed translucent door.
  6946 | D:5      | Noticed croobank's ghost (amateur FeDe)
  7000 | D:5      | Found Hysoos's Gadget Gallery.
  7196 | D:5      | Killed croobank's ghost
  7197 | D:5      | Reached skill level 12 in Stealth
  7582 | D:6      | Noticed Pikel
  7632 | D:6      | Killed Pikel
  7633 | D:6      | Reached skill level 1 in Armour
  7633 | D:6      | Reached XP level 9. HP: 31/46 MP: 10/10
  7880 | D:6      | Gained mutation: You are partially covered in iridescent
                  | scales. (AC +2) [potion of mutation]
  8044 | D:6      | Reached * piety under Dithmenos
  8123 | D:7      | Reached skill level 13 in Stealth
  8158 | D:7      | Noticed a red ugly thing
  8166 | D:7      | Reached skill level 5 in Fighting
  8212 | D:7      | Found a flagged portal.
  8349 | Bailey   | Entered a bailey
  8496 | Bailey   | Reached skill level 14 in Stealth
  8549 | Bailey   | Reached ** piety under Dithmenos
  8595 | Bailey   | Noticed a gargoyle
  8601 | Bailey   | Killed a gargoyle
  8617 | Bailey   | Reached XP level 10. HP: 51/51 MP: 11/11
  8631 | Bailey   | Reached skill level 15 in Stealth
  9083 | Bailey   | Lost mutation: You are partially covered in iridescent
                  | scales. (AC +2) [potion of mutation]
  9083 | Bailey   | Gained mutation: Your flesh is heat resistant. (rF+)
                  | [potion of mutation]
  9710 | D:7      | Found a transporter.
  9712 | D:7      | Noticed AlmostDecent's ghost (novice DgFi)
  9739 | D:7      | Noticed a moth of wrath
  9740 | D:7      | Found a transporter.
  9859 | D:7      | Noticed Maggie
  9890 | D:7      | Killed Maggie
 10224 | D:7      | Killed a red ugly thing
 10330 | D:8      | Found a transporter.
 10346 | D:8      | Found a transporter.
 10412 | D:8      | Noticed a deep elf pyromancer
 10426 | D:8      | Killed a deep elf pyromancer
 10427 | D:8      | Reached skill level 16 in Stealth
 10968 | D:8      | Found a runed translucent gate.
 10969 | D:8      | Found a runed translucent gate.
 10971 | D:8      | Found a runed translucent gate.
 10971 | D:8      | Noticed zeram's ghost (novice MfGl)
 10973 | D:8      | Noticed Lobster4's ghost (novice HuWn)
 11610 | D:9      | Found a staircase to the Orcish Mines.
 11660 | D:9      | Found Amaen's Weapon Shoppe.
 11683 | D:9      | Noticed a two-headed ogre
 11900 | D:8      | Reached *** piety under Dithmenos
 11950 | D:9      | Reached skill level 17 in Stealth
 12292 | D:9      | Found a radiant altar of Vehumet.
 12467 | D:10     | Entered Level 10 of the Dungeon
 12480 | D:10     | Reached XP level 11. HP: 56/56 MP: 12/12
 13333 | D:11     | Noticed Maurice
 13339 | D:11     | Killed Maurice
 13423 | D:11     | Noticed Josephine
 13436 | D:11     | Found a gate leading to a gauntlet.
 13560 | Gauntlet | Entered a Gauntlet
 13560 | Gauntlet | Found a transporter.
 13571 | Gauntlet | Found a transporter.
 13586 | Gauntlet | Found a transporter.
 13593 | Gauntlet | Found a transporter.
 13611 | Gauntlet | Found a transporter.
 13631 | Gauntlet | Found a transporter.
 13643 | Gauntlet | Found a transporter.
 13643 | Gauntlet | Noticed an obsidian statue
 13655 | Gauntlet | Found a transporter.
 13662 | Gauntlet | Noticed a thrashing horror
 13667 | Gauntlet | Found a transporter.
 13679 | Gauntlet | Found a transporter.
 13697 | Gauntlet | Found a transporter.
 13718 | Gauntlet | Found a transporter.
 13720 | Gauntlet | Found a transporter.
 13754 | Gauntlet | Noticed a fire crab
 13763 | Gauntlet | Found a transporter.
 13765 | Gauntlet | Found a transporter.
 13767 | Gauntlet | Found a transporter.
 13806 | Gauntlet | Killed a fire crab
 13807 | Gauntlet | Reached skill level 18 in Stealth
 13812 | Gauntlet | Reached **** piety under Dithmenos
 13839 | Gauntlet | Found a transporter.
 13841 | Gauntlet | Found a transporter.
 14017 | Gauntlet | Killed an obsidian statue
 14020 | Gauntlet | Identified the amulet "Abomixaq" {RegenMP rF+ rCorr Str-5}
 14081 | Gauntlet | Identified the amulet of Sunlight {RegenMP Will+ MP+9 Str-3
                  | Slay+3}
 14081 | Gauntlet | Noticed a minotaur
 14096 | Gauntlet | Killed a minotaur
 14097 | Gauntlet | Reached skill level 5 in Evocations
 14197 | D:11     | Noticed Snorg
 14204 | D:11     | Killed Snorg
 14205 | D:11     | Reached skill level 10 in Short Blades
 14205 | D:11     | Noticed a boulder beetle
 14235 | D:11     | Killed a boulder beetle
 14236 | D:11     | Reached skill level 10 in Dodging
 14438 | D:11     | Found a staircase to the Lair.
 14549 | D:11     | Reached skill level 19 in Stealth
 14553 | D:11     | Killed Josephine
 15059 | D:2      | Bought the ring "Kaixzef" {EV+4 Str+2 Stlth+} for 700 gold
                  | pieces
 15246 | D:12     | Noticed Gastronok
 15247 | D:12     | Noticed a cyan ugly thing
 15251 | D:12     | Killed a cyan ugly thing
 15255 | D:12     | Reached XP level 12. HP: 62/62 MP: 13/13
 15260 | D:12     | Killed Gastronok
 15272 | D:12     | Noticed a boulder beetle
 15279 | D:12     | Killed a boulder beetle
 15290 | D:12     | Noticed a boulder beetle
 15296 | D:12     | Killed a boulder beetle
 15348 | D:12     | Reached skill level 20 in Stealth
 15478 | D:12     | Noticed a boulder beetle
 15478 | D:12     | Noticed a boulder beetle
 15479 | D:12     | Noticed a centaur warrior
 15526 | D:12     | Killed a centaur warrior
 15530 | D:12     | Killed a boulder beetle
 15563 | D:12     | Killed a boulder beetle
 15668 | D:12     | Noticed Erolcha
 15671 | D:12     | Killed Erolcha
 15671 | D:12     | Reached ***** piety under Dithmenos
 15766 | D:12     | Noticed Kirke
 15772 | D:12     | Noticed Fannar
 15849 | D:12     | Noticed a white very ugly thing
 15854 | D:12     | Killed a white very ugly thing
 15855 | D:12     | Reached skill level 21 in Stealth
 16155 | D:12     | Noticed an ogre mage
 16330 | D:12     | Killed Fannar
 16584 | D:13     | Noticed a six-headed hydra
 16952 | D:12     | Killed Kirke
 16953 | D:12     | Reached XP level 13. HP: 67/67 MP: 14/14
 17420 | D:13     | Reached skill level 22 in Stealth
 17522 | D:13     | Reached skill level 5 in Armour
 17523 | D:13     | Killed from afar by an ogre mage

Illustrated notes

Levels and vault maps discovered:
D:1:      dpeg_arrival_windows_large_door, layout_rooms, grunt_decor_junction
D:2:      layout_basic, serial_shops, nicolae_square_shop, uniq_robin
D:3:      layout_loops_cross, lemuel_doored_altar, bloody_makhleb,
          minmay_misc_feat_more_columns, minivault_19, minmay_liquid_box,
          uniq_jessica, uniq_crazy_yiuf_cottage
D:4:      layout_rooms, mainiacjoe_overflow_24_doors, uniq_eustachio
D:5:      layout_cave_pools, minmay_temple_entry_ruins,
          ebering_ghost_reflecting_pool, nicolae_shop_gadgets
D:6:      layout_rooms, uniq_pikel
D:7:      layout_loops_corners, enter_bailey_5,
          gammafunk_ghost_berserking_beasts, amcnicky_mini_pool_small,
          serial_bayou_pond_d, uniq_maggie
D:8:      gammafunk_wand_slinger, layout_basic, gammafunk_ghost_cemetery,
          kennysheep_just_a_vault
D:9:      layout_big_octagon, old_standard_altar, minmay_orc_entry_temple_small,
          serial_shops, nicolae_shop_bloodbath_and_beyond
D:10:     layout_basic
D:11:     layout_stronghold, grunt_lair_entry_orc_guard_hut,
          gauntlet_entry_generic, uniq_maurice, uniq_josephine, uniq_snorg
D:12:     layout_irregular_city, minmay_shattered_shrine, uniq_fannar,
          uniq_erolcha, uniq_gastronok, uniq_kirke
D:13:     layout_long_grid, serial_shops, kennysheep_little_box,
          minmay_the_grid_2x2 [minmay_the_grid_rooms, minmay_the_grid_slots,
          minmay_the_grid_embedded, minmay_the_grid_prize_trominoes]
Temple:   dpeg_five_rooms_temple

Skill      XL: |  1  2  3  4  5  6  7  8  9 10 11 12 13 |
---------------+----------------------------------------+-----
Stealth        | 8 9 10 11 12 14 17 19 21 22 | 22.3
Dodging        | 3 4 5 7 8 10 12 13 | 13.0
Short Blades   | 3 5 7 8 9 10 11 | 11.3
Fighting       | 3 4 5 6 7 |  7.4
Evocations     | 3 4 5 6 |  6.1
Armour         | 1 2 3 4 5 |  5.0

Action                   |  1- 3 |  4- 6 |  7- 9 | 10-12 | 13-15 || total
-------------------------+-------+-------+-------+-------+-------++-------
Melee: Short sword       |    36 |    86 |       |       |       ||   122
       Punch             |     1 |     4 |     6 |    20 |     9 ||    40
       Dagger            |       |   210 |   227 |   865 |   170 ||  1472
Evoke: Wand              |       |     1 |    10 |    19 |     4 ||    34
  Use: Scroll            |     1 |       |     8 |    11 |       ||    20
       Potion            |       |       |     1 |     5 |       ||     6
 Stab: Sleeping          |     5 |    22 |    24 |    53 |     7 ||   111
       Distracted        |       |     2 |     4 |     7 |       ||    13
Armor: Robe              |     4 |    36 |    15 |       |       ||    55
       Acid dragon scale |       |       |    18 |    41 |    12 ||    71
Dodge: Dodged            |    25 |   165 |   133 |   603 |   118 ||  1044
